 Dungeon Crawl Stone Soup version 0.30-a0-953-g5f1da4a474 (webtiles) character file.

Game seed: 16965461959104804162

157 qeuew the Ducker (level 5, 0/43 HPs)
             Began as a Gnoll Gladiator on Mar 28, 2023.
             Succumbed to a killer bee's poison
             ... on level 3 of the Dungeon.
             The game lasted 00:02:57 (2223 turns).

qeuew the Ducker (Gnoll Gladiator)                  Turns: 2223, Time: 00:02:57

Health: 0/43       AC:  5    Str: 13    XL:     5   Next: 38%
Magic:  7/7        EV: 15    Int:  7    God:
Gold:   159        SH:  0    Dex: 16    Spells: 7/7 levels left

rFire   . . .      SeeInvis .    a - +0 long sword
rCold   . . .      Faith    .    (no shield)
rNeg    . . .      Spirit   .    b - +1 leather armour
rPois   .          Reflect  .    c - +0 helmet
rElec   .          Rampage  .    (no cloak)
rCorr   .                        (no gloves)
Will    .....                    (no boots)
Stlth   ++                       (no amulet)
HPRegen 0.27/turn                (no ring)
MPRegen 0.10/turn                (no ring)

@: lethally poisoned (0 -> -4)
A: fangs 1, strong nose, distributed training
a: no special abilities


You were on level 3 of the Dungeon.
You visited 1 branch of the dungeon, and saw 4 of its levels.

You collected 159 gold pieces.

Inventory:

Hand Weapons
 a - a +0 long sword (weapon)
Missiles
 d - 3 throwing nets (quivered)
 e - a javelin
Armour
 b - a +1 leather armour (worn)
 c - a +0 helmet (worn)
Wands
 j - a wand of charming (10)
Scrolls
 h - 2 scrolls of amnesia
 i - 2 scrolls of teleportation


   Skills:
 + Level 4.8 Fighting
 + Level 1.5 Short Blades
 + Level 6.7 Long Blades
 + Level 1.5 Axes
 + Level 1.5 Maces & Flails
 + Level 1.5 Polearms
 + Level 1.5 Staves
 + Level 1.5 Ranged Weapons
 + Level 4.8 Throwing
 + Level 1.5 Armour
 + Level 6.7 Dodging
 + Level 1.5 Stealth
 + Level 1.5 Shields
 + Level 1.5 Unarmed Combat
 + Level 1.5 Spellcasting
 + Level 1.2 Conjurations
 + Level 1.2 Hexes
 + Level 1.2 Summonings
 + Level 1.2 Necromancy
 + Level 1.2 Translocations
 + Level 1.2 Transmutations
 + Level 1.2 Fire Magic
 + Level 1.2 Ice Magic
 + Level 1.2 Air Magic
 + Level 1.2 Earth Magic
 + Level 1.2 Poison Magic
 + Level 1.7 Invocations
 + Level 1.5 Evocations


You had 7 spell levels left.
You didn't know any spells.
Your spell library contained the following spells:

 Spells                   Type           Power      Damage    Failure   Level
 Dazzling Flash           Conj/Hex       4%         N/A       67%         3
 Agony                    Necr           2%         N/A       100%        5
 Silence                  Hex/Air        1%         N/A       100%        5


Dungeon Overview and Level Annotations

Branches:
Dungeon (4/15)
 Temple: D:4-7

Altars:

Annotations:
D:3 2 transporters, NinjaNoafa's ghost, amateur OpTm


Innate Abilities, Weirdness & Mutations

You have very sharp teeth.
Your uncanny sense of smell can sniff out nearby items.
Your experience applies equally to all skills.


Message History

The killer bee is lightly wounded.
The killer bee closely misses you. x2
NinjaNoafa's ghost whispers, "There is no future for you."
You slash the killer bee! Your bite misses the killer bee.
The killer bee is severely wounded.
The killer bee barely misses you.
The killer bee stings you but does no damage.
The killer bee barely misses you.
You barely miss the killer bee.
The killer bee is severely wounded.
The killer bee stings you.
* * * LOW HITPOINT WARNING * * *
You are lethally poisoned!
The killer bee poisons you! The killer bee closely misses you.
You closely miss the killer bee.
The killer bee is severely wounded.
* * * LOW HITPOINT WARNING * * *
You feel very sick. The killer bee misses you.
The killer bee closely misses you.
You barely miss the killer bee.
The killer bee is severely wounded.
* * * LOW HITPOINT WARNING * * *
You feel sick.
The killer bee stings you but does no damage.
The killer bee closely misses you.
You feel better. The killer bee completely misses you.
The killer bee closely misses you.
You miss the killer bee.
The killer bee is severely wounded.
The killer bee barely misses you. The killer bee stings you!
* * * LOW HITPOINT WARNING * * *
You miss the killer bee.
The killer bee is severely wounded.
The killer bee stings you.
* * * LOW HITPOINT WARNING * * *
You are lethally poisoned!
The killer bee poisons you! The killer bee closely misses you.
You hit the killer bee but do no damage.
The killer bee is severely wounded.
You die...

.....©.......#
.#########...#
##8.$![.8##..#
#........©#..#
#.#..$..#.#..#
#..#...#..#..#
#....©...w#..#
#..#...#.W#..#########
#.#.....#5#.....@y...#
#......w.o#..#######.#
##8.....8##.....#.##.#
.#########....#.#....####
.....©............##....#
...................#^.#.#
...##....#.#.##.##.##.#.#
##.####..#......##....#.#
...# ##.###............#


You could see a killer bee, NinjaNoafa's ghost, a dart slug, an orc and an
ufetubus.

Vanquished Creatures
  A killer bee (D:3)
  An orc wizard (D:3)
  5 adders
  A dart slug (D:2)
  3 orcs (D:3)
  4 endoplasms
  A giant cockroach (D:1)
  2 goblins
  4 hobgoblins
  4 quokkas
  5 ball pythons
  3 bats
  A frilled lizard (D:1)
  4 rats
39 creatures vanquished.

Notes
Turn   | Place    | Note
-------+----------+-------------------------------------------
     0 | D:1      | qeuew the Gnoll Gladiator began the quest for the Orb.
     0 | D:1      | Reached XP level 1. HP: 20/20 MP: 1/1
   120 | D:1      | Reached XP level 2. HP: 26/26 MP: 2/2
   514 | D:2      | Reached XP level 3. HP: 30/31 MP: 3/3
   534 | D:2      | Reached skill level 1 in Invocations
   619 | D:2      | Reached skill level 1 in Short Blades
   619 | D:2      | Reached skill level 1 in Axes
   619 | D:2      | Reached skill level 1 in Maces & Flails
   619 | D:2      | Reached skill level 1 in Polearms
   619 | D:2      | Reached skill level 1 in Staves
   619 | D:2      | Reached skill level 1 in Ranged Weapons
   619 | D:2      | Reached skill level 1 in Armour
   619 | D:2      | Reached skill level 1 in Stealth
   619 | D:2      | Reached skill level 1 in Shields
   619 | D:2      | Reached skill level 1 in Unarmed Combat
   619 | D:2      | Reached skill level 1 in Spellcasting
   619 | D:2      | Reached skill level 1 in Evocations
  1103 | D:2      | Reached XP level 4. HP: 27/38 MP: 5/5
  1541 | D:3      | Found a transporter.
  1547 | D:3      | Noticed NinjaNoafa's ghost (amateur OpTm)
  1551 | D:3      | Found a transporter.
  1665 | D:3      | Reached skill level 1 in Conjurations
  1665 | D:3      | Reached skill level 1 in Hexes
  1665 | D:3      | Reached skill level 1 in Summonings
  1665 | D:3      | Reached skill level 1 in Necromancy
  1665 | D:3      | Reached skill level 1 in Translocations
  1665 | D:3      | Reached skill level 1 in Transmutations
  1665 | D:3      | Reached skill level 1 in Fire Magic
  1665 | D:3      | Reached skill level 1 in Ice Magic
  1665 | D:3      | Reached skill level 1 in Air Magic
  1665 | D:3      | Reached skill level 1 in Earth Magic
  1665 | D:3      | Reached skill level 1 in Poison Magic
  2210 | D:3      | Reached XP level 5. HP: 23/43 MP: 7/7
  2222 | D:3      | HP: 2/43 [killer bee (1)]
  2223 | D:3      | Succumbed to a killer bee's poison

Illustrated notes

Levels and vault maps discovered:
D:1:      lightli_arrival_chessboard, layout_rooms, serial_bayou_ford_a,
          grunt_decor_junction
D:2:      layout_loops_corners
D:3:      layout_basic, gammafunk_ghost_arena, glass_columns_a
D:4:      layout_loops_cross, minmay_temple_entry_large_hall, uniq_sigmund

Skill      XL: |  1  2  3  4 |
---------------+-------------+-----
Invocations    | 1 |  1.7
Short Blades   | 1 |  1.5
Axes           | 1 |  1.5
Maces & Flails | 1 |  1.5
Polearms       | 1 |  1.5
Staves         | 1 |  1.5
Ranged Weapons | 1 |  1.5
Armour         | 1 |  1.5
Stealth        | 1 |  1.5
Shields        | 1 |  1.5
Unarmed Combat | 1 |  1.5
Spellcasting   | 1 |  1.5
Evocations     | 1 |  1.5
Conjurations   | 1 |  1.2
Hexes          | 1 |  1.2
Summonings     | 1 |  1.2
Necromancy     | 1 |  1.2
Translocations | 1 |  1.2
Transmutations | 1 |  1.2
Fire Magic     | 1 |  1.2
Ice Magic      | 1 |  1.2
Air Magic      | 1 |  1.2
Earth Magic    | 1 |  1.2
Poison Magic   | 1 |  1.2
Fighting       | |  4.8
Long Blades    | |  6.7
Throwing       | |  4.8
Dodging        | |  6.7

Action                     |  1- 3 |  4- 6 || total
---------------------------+-------+-------++-------
  Melee: Long sword        |    76 |    51 ||   127
         Bite              |     5 |     4 ||     9
         Punch             |       |     1 ||     1
    Use: Scroll            |     4 |     4 ||     8
         Potion            |       |     4 ||     4
   Stab: Sleeping          |       |     2 ||     2
 Armour: Leather armour    |    15 |    12 ||    27
  Dodge: Dodged            |    65 |    49 ||   114

Table legend: (Time is in decaauts)
 A = Elapsed time spent in this place.
 B = Non-inter-level travel time spent in this place.
 C = Inter-level travel time spent in this place.
 D = Time resting spent in this place.
 E = Time spent auto-exploring this place.
 F = Levels seen in this place.
 G = Mean time per level.
                   A        B        C        D        E       F      G
               +--------+--------+--------+--------+--------+-----+--------+
         Total |   2237 |   2184 |     53 |    100 |   1769 |   4 |  559.2 |
       Dungeon |   2237 |   2184 |     53 |    100 |   1769 |   4 |  559.2 |
               +--------+--------+--------+--------+--------+-----+--------+

Top non-repeatable levels by time:
     D:2: 989 daAuts
     D:3: 746 daAuts
     D:1: 497 daAuts
     D:4: 3 daAuts
